Map: Охана РВ

Players

trentir

  • Race: Zerg Zerg
  • League: Platinum
  • Spawn Location: 5:00

Khamul - Winner!

  • Race: Terran Terran
  • League: Diamond
  • Spawn Location: 11:00

VOD

Have the link to the VOD?

Description

Time

  • Played on: May 9, 2021, 10:56 a.m.
  • Length: 8:26
Show
View Real Time Build Order
Export as new Build Order

trentir Zerg 

Build Orders: Hatch First, Muta Ling Bane 

Get SALT Encoding   

  12  0:00  Drone  
  13  0:12  Overlord  
  13  0:17  Drone  
  14  0:31  Drone x2  
  14  0:35  Drone  
  17  0:53  Hatchery  
  17  0:55  Drone  
  17  1:00  Extractor  
  17  1:01  Drone  
  17  1:07  Drone  
  18  1:20  Spawning Pool  
  18  1:21  Drone  
  18  1:28  Drone  
  19  1:39  Overlord  
  19  1:55  Drone  
  20  2:07  Zergling x4  
  20  2:08  Queen x2  
  22  2:10  Metabolic Boost  
  22  2:15  Drone  
  27  2:18  Drone  
  26  2:37  Zergling x2  
  26  2:38  Zergling x2  
  27  2:45  Zergling x2  
  27  2:46  Zergling x2  
  27  2:48  Zergling x4  
  27  2:51  Queen  
  32  3:08  Drone x3  
  35  3:18  Overlord x2  
  35  3:46  Drone x4  
  35  3:47  Drone x2, Queen x2  
  45  3:57  Drone  
  45  3:58  Drone x3  
  45  3:59  Drone  
  46  4:21  Drone  
  46  4:23  Drone  
  50  4:24  Drone  
  51  4:33  Drone  
  51  4:34  Overlord x2  
  52  4:38  Hatchery  
  52  4:41  Lair  
  52  4:42  Drone x3  
  52  4:49  Extractor  
  52  4:50  Extractor  
  50  4:54  Drone x2  
  52  5:02  Drone x3  
  50  5:37  Baneling Nest  
  50  5:41  Evolution Chamber  
  47  5:49  Spire  
  42  6:00  Zergling x4  
  42  6:01  Zergling x14  
  44  6:07  Zergling x4  
  35  6:30  Drone x6  
  35  6:31  Queen  
  43  6:52  Centrifical Hooks  
  43  6:58  Baneling x4  
  43  7:04  Drone x2  
  43  7:06  Drone  
  46  7:14  Overlord  
  46  7:22  Baneling x2  
  46  7:23  Baneling x2  
  46  7:29  Mutalisk  
  48  7:31  Drone  
  48  7:32  Drone  
  47  7:52  Zergling x2  
  47  7:53  Zergling x16  
  55  8:06  Zergling x2  
  55  8:07  Zergling x10  
Show
View Real Time Build Order
Export as new Build Order

Khamul Terran - Winner!

Build Orders: Liberator Opening, Reaper Expand 

Get SALT Encoding   

  12  0:00  SCV  
  13  0:13  SCV  
  14  0:17  Supply Depot  
  14  0:25  SCV  
  15  0:39  SCV  
  15  0:40  Barracks  
  16  0:46  Refinery  
  16  0:51  SCV  
  17  1:03  SCV  
  18  1:15  SCV  
  19  1:28  Orbital Command  
  19  1:29  Reaper  
  20  1:42  Command Center  
  20  1:54  SCV  
  20  1:59  Supply Depot  
  21  2:01  Marine  
  21  2:06  SCV  
  23  2:10  Factory  
  23  2:17  Refinery  
  23  2:20  SCV  
  24  2:23  Barracks Reactor  
  24  2:32  SCV  
  25  2:44  SCV  
  26  2:55  Orbital Command  
  26  2:57  SCV, Starport  
  27  3:09  SCV  
  27  3:10  Hellion x2  
  31  3:21  SCV  
  31  3:22  Barracks Tech Lab  
  32  3:31  Hellion  
  32  3:32  Hellion  
  32  3:33  SCV  
  37  3:37  Bunker  
  37  3:40  Liberator  
  40  3:45  SCV  
  40  3:50  Marine  
  40  3:53  Orbital Command  
  41  3:57  SCV  
  41  4:00  Hellion x2  
  46  4:09  SCV  
  45  4:15  Stimpack  
  45  4:21  SCV  
  46  4:30  SCV  
  47  4:37  SCV  
  48  4:39  Barracks, Factory Tech Lab  
  48  4:40  Barracks  
  48  4:41  Starport Reactor  
  48  4:44  Supply Depot  
  48  4:48  SCV  
  49  4:54  SCV  
  49  4:58  Siege Tank  
  53  5:00  SCV  
  53  5:06  SCV  
  55  5:08  Supply Depot  
  55  5:12  SCV  
  56  5:18  SCV  
  56  5:21  Refinery x2  
  57  5:24  SCV, Command Center  
  58  5:30  Starport Reactor  
  58  5:31  Siege Tank, Supply Depot  
  58  5:32  Marine x2  
  58  5:33  SCV  
  64  5:42  SCV  
  65  5:46  SCV  
  65  5:47  Marine x3  
  69  5:54  SCV  
  70  6:03  SCV  
  68  6:04  Combat Shield, Marine  
  68  6:05  Marine x3  
  68  6:09  SCV  
  71  6:19  SCV  
  71  6:22  SCV  
  71  6:23  Medivac, Siege Tank, Marine  
  71  6:25  Medivac  
  77  6:26  Barracks  
  77  6:28  Barracks  
  77  6:29  Supply Depot  
  77  6:30  Supply Depot  
  77  6:33  Supply Depot  
  77  6:34  Marine x2  
  77  6:37  Orbital Command  
  77  6:39  SCV  
  76  6:46  Marine x3  
  79  6:53  Medivac  
  81  6:54  Medivac  
  81  6:56  SCV x2  
  85  7:02  Factory  
  85  7:03  Orbital Command  
  85  7:05  Engineering Bay x2  
  85  7:06  Marine x2, Factory Reactor  
  85  7:08  SCV  
  88  7:11  Marine x2  
  88  7:14  Armory  
  90  7:21  Supply Depot  
  92  7:24  Barracks Reactor  
  90  7:33  Marine  
  90  7:34  SCV x3  
  94  7:46  SCV x2  
  94  8:00  Marine  
  94  8:01  Marine  
  94  8:02  Marine  
  94  8:03  Missile Turret  
  94  8:15  Barracks Reactor  
Tags
 
Add a new tag
Caveats
  • Supply blocks, unpowered buildings, or Contaminate may cause inaccurate times.
  • Supply counts are checked every 10 seconds.